 Dungeon Crawl Stone Soup version 0.24.0-13-gcf9b3192b9 (webtiles) character file.

Game seed: 6109912050602180716, levelgen mode: deterministic

401 Peloso the Slasher (level 6, 0/56 HPs)
             Began as a Minotaur Fighter on Nov 8, 2019.
             Splashed by a jelly's acid (5 damage)
             ... on level 5 of the Dungeon.
             The game lasted 00:05:26 (2538 turns).

Peloso the Slasher (Minotaur Fighter)               Turns: 2538, Time: 00:05:26

Health: 0/56       AC:  9    Str: 21    XL:     6   Next: 54%
Magic:  14/14      EV:  6    Int:  5    God:
Gold:   182        SH: 10    Dex: 11    Spells: 5/5 levels left

rFire    . . .     SeeInvis .   a - +0 long sword
rCold    . . .     Gourm    .   c - +0 shield
rNeg     . . .     Faith    .   b - +0 chain mail
rPois    .         Spirit   .   (helmet restricted)
rElec    .         Reflect  .   (no cloak)
rCorr    .         Harm     .   (no gloves)
MR       .....                  (no boots)
Stlth    ..........             k - amulet of rage
HPRegen  0.18/turn              e - ring of magical power
MPRegen  0.14/turn              (no ring)

@: no status effects
A: retaliatory headbutt, horns 2
a: Evoke Berserk Rage


You were on level 5 of the Dungeon.
You were not hungry.

You visited 1 branch of the dungeon, and saw 5 of its levels.

You collected 182 gold pieces.

Inventory:

Hand Weapons
 a - a +0 long sword (weapon)
 p - a +1 trident of flaming
Armour
 b - a +0 chain mail (worn)
 c - a +0 shield (worn)
Jewellery
 e - a ring of magical power (left hand)
 k - an amulet of rage (around neck)
Scrolls
 g - 3 scrolls of teleportation
 h - 2 scrolls of identify
 i - 2 scrolls of magic mapping
 l - 4 scrolls of enchant armour {unknown}
 m - a scroll of remove curse {unknown}
Potions
 d - 2 potions of might
 j - 2 potions of flight
 n - a potion of brilliance
 o - a potion of ambrosia
Comestibles
 f - 10 rations
 q - 7 chunks of flesh


   Skills:
 + Level 5.0 Fighting
 + Level 5.6 Long Blades
 + Level 4.9 Armour
 + Level 1.5 Dodging
 + Level 0.2 Stealth
 + Level 4.9 Shields


You had 5 spell levels left.
You didn't know any spells.
Your spell library contained the following spells:

 Spells                   Type           Power        Failure   Level  Hunger
 Animate Skeleton         Necr           N/A          100%        1    ##.....
 Confusing Touch          Hex            #.....       100%        1    ##.....
 Pain                     Necr           #...         100%        1    ##.....
 Confuse                  Hex            #.......     100%        3    ####...
 Gell's Gravitas          Tloc           #.........   100%        3    ####...
 Regeneration             Chrm/Necr      #.........   100%        3    ####...
 Vampiric Draining        Necr           #.........   100%        3    ####...
 Animate Dead             Necr           N/A          100%        4    #####..
 Petrify                  Tmut/Erth      #.......     100%        4    #####..
 Metabolic Englaciation   Hex/Ice        #.........   100%        5    ######.
 Yara's Violent Unravell  Hex/Tmut       #.........   100%        5    ######.


Dungeon Overview and Level Annotations

Branches:
Dungeon (5/15)
 Temple: D:4-7

Altars:
Ashenzari
Makhleb
Qazlal
Yredelemnul

Annotations:
D:2 1 runed translucent door
D:4 Ijyb


Innate Abilities, Weirdness & Mutations

You reflexively headbutt those who attack you in melee.
You have a pair of horns on your head.


Message History

q - 5 chunks of flesh (gained 2);
q - 8 chunks of flesh (gained 3)
Items here: ))) [[[ รทรท A jelly comes into view.
Unknown command.
The jelly quivers.
You are feeling hungry.
You start resting.
Eating one of 8 chunks of flesh.
You eat one of the 8 chunks of flesh.
This raw flesh tastes terrible.
The jelly is too close now for your liking.
The jelly hits you.
* * * LOW HITPOINT WARNING * * *
You are splashed with acid!
* * * LOW HITPOINT WARNING * * *
You slash the jelly!
Your hands burn!
* * * LOW HITPOINT WARNING * * *
Your headbutt misses the jelly.
The jelly is moderately wounded.
The jelly hits you but does no damage.
You hit the jelly.
Your hands burn!
You die...

#.#
#####.###.#
#....#....#
#.###.#####
#.# #.# #.#
#.# #.# #.#
###.###.###.##
.........@J.>#
#######<###..#
#.# #..# #[#
#..# #)# #..#
#)# #..# #.#
#... #.# #.#
..#


You could see a jelly.

Vanquished Creatures
  Edmund (D:4)
  3 orc priests
  2 orc wizards (D:5)
  7 adders
  3 worms
  A dart slug (D:2)
  3 leopard geckos
  8 orcs
  A ball python (D:2)
  3 giant cockroaches
  6 hobgoblins
  A quokka (D:3)
  6 bats
  A frilled lizard (D:2)
  11 goblins
  A goblin zombie (D:2)
  6 kobolds
  A kobold skeleton (D:2)
  3 rats
68 creatures vanquished.

Notes
Turn   | Place    | Note
-------+----------+-------------------------------------------
     0 | D:1      | Peloso the Minotaur Fighter began the quest for the Orb.
     0 | D:1      | Reached XP level 1. HP: 19/19 MP: 0/0
   212 | D:1      | Reached XP level 2. HP: 24/27 MP: 1/1
   640 | D:2      | Found a stormy altar of Qazlal.
   674 | D:2      | Reached XP level 3. HP: 28/34 MP: 2/2
   855 | D:2      | Found a runed translucent door.
   855 | D:2      | Noticed a human
   867 | D:2      | Found a basalt altar of Yredelemnul.
  1109 | D:2      | Reached XP level 4. HP: 36/41 MP: 3/3
  1829 | D:3      | Reached skill level 1 in Dodging
  1831 | D:3      | Reached XP level 5. HP: 44/47 MP: 4/4
  1874 | D:3      | Found a shattered altar of Ashenzari.
  1899 | D:3      | Found a burning altar of Makhleb.
  1899 | D:3      | Noticed a balrug
  1902 | D:3      | Noticed a neqoxec
  1902 | D:3      | Noticed a hellwing
  2213 | D:4      | Noticed Ijyb
  2260 | D:4      | Noticed Edmund
  2285 | D:4      | Killed Edmund
  2285 | D:4      | Reached skill level 5 in Long Blades
  2285 | D:4      | Reached XP level 6. HP: 46/55 MP: 5/5
  2416 | D:5      | Entered Level 5 of the Dungeon
  2515 | D:5      | Reached skill level 5 in Fighting
  2538 | D:5      | Splashed by a jelly's acid

Levels and vault maps discovered:
D:1:      dpeg_arrival_tiny_a, layout_loops_cross, minmay_split_cup_large
D:2:      layout_loops_ring, grunt_qazlal_clouds, first_ration,
          serial_park_tiny_pond, dk_yredelemnul_ordeal
D:3:      layout_loops_ring, nicolae_overflow_hidden_temple,
          makhleb_altar_promises_db
D:4:      layout_loops_ring, kennysheep_mini_moat,
          lemuel_coloured_pillars_altar, marbit_many_paths,
          minmay_temple_entry_fiery, minmay_misc_feat_columns,
          okawaru_ov_weapons_minmay, uniq_ijyb, uniq_edmund
D:5:      layout_loops_ring, grunt_temple_overflow_cloverleaf

Skill      XL: |  1  2  3  4  5  6 |
---------------+-------------------+-----
Fighting       | 4 5 |  5.0
Shields        | 4 |  4.9
Armour         | 4 |  4.9
Long Blades    | 3 4 5 |  5.6
Dodging        | 1 |  1.5
Stealth        | |  0.2

Action                   |  1- 3 |  4- 6 || total
-------------------------+-------+-------++-------
Melee: Long sword        |    75 |   141 ||   216
       Headbutt          |    11 |    30 ||    41
  Use: Scroll            |     3 |     3 ||     6
       Potion            |     3 |       ||     3
  Eat: Chunk             |       |     6 ||     6
Armor: Scale mail        |    26 |    46 ||    72
       Chain mail        |       |    48 ||    48
Dodge: Dodged            |    16 |    34 ||    50
Block: Shield            |    29 |    73 ||   102
       Rpst.: Long sword |     2 |    10 ||    12
